 Dungeon Crawl Stone Soup version 0.26.0-10-g1f06aea511 (webtiles) character file.

Game seed: 10602735156506553237

8180 OakTree the Basher (level 10, -2/86 HPs)
             Began as a Demigod Gladiator on Jan 18, 2021.
             Slain by an orc knight
             ... wielding a +1 great sword
              (26 damage)
             ... on level 2 of the Orcish Mines on Jan 19, 2021.
             The game lasted 00:21:25 (13250 turns).

OakTree the Basher (Demigod Gladiator)             Turns: 13250, Time: 00:21:26

Health: -2/86      AC: 12    Str: 21    XL:     10   Next: 78%
Magic:  13/13      EV: 19    Int: 18    God:
Gold:   397        SH:  0    Dex: 17    Spells: 9/9 levels left

rFire    . . .     SeeInvis .   f - +0 dire flail
rCold    . . .     Faith    .   (shield currently unavailable)
rNeg     . . .     Spirit   .   J - +2 robe of Vines {NoPotionHeal Regen+7}
rPois    .         Reflect  .   c - +0 helmet
rElec    +         Harm     .   (no cloak)
rCorr    .         Rampage  .   B - +0 pair of gloves
Will     +....                  i - +2 pair of boots
Stlth    ++........             (no amulet)
HPRegen  3.04/turn              D - +6 ring of intelligence
MPRegen  0.13/turn              E - +4 ring of evasion

@: no status effects
A: thin metallic scales 1, high mp 1, electricity resistance, weak 1
a: no special abilities


You were on level 2 of the Orcish Mines.
You visited 2 branches of the dungeon, and saw 12 of its levels.

You collected 793 gold pieces.
You spent 396 gold pieces at shops.

Inventory:

Hand Weapons
 a - a +0 flail
 f - a +0 dire flail (weapon)
 I - a +3 quarterstaff
Missiles
 d - 3 throwing nets (quivered)
Armour
 b - a +0 leather armour
 c - a +0 helmet (worn)
 i - a +2 pair of boots (worn)
 x - a +0 plate armour
 A - a +0 ring mail of fire resistance
 B - a +0 pair of gloves (worn)
 J - the +2 robe of Vines (worn) {NoPotionHeal Regen+7}
   (You found it on level 10 of the Dungeon)

   It increases your rate of regeneration.
Magical Staves
 L - an uncursed staff of cold {unknown}
Jewellery
 l - an uncursed ring of fire
 D - a +6 ring of intelligence (left hand)
 E - a +4 ring of evasion (right hand)
 G - an uncursed ring of ice
Wands
 g - a wand of paralysis (8)
 j - a wand of acid (6)
 H - a wand of iceblast (24)
Scrolls
 e - 3 scrolls of fear
 h - 2 scrolls of enchant armour
 k - a scroll of teleportation
 n - 3 scrolls of remove curse
 p - 2 scrolls of immolation {unknown}
 r - 6 scrolls of magic mapping
 s - 3 scrolls of amnesia
 y - a scroll of enchant weapon
 F - a scroll of blinking
 K - a scroll of acquirement {unknown}
Potions
 m - 5 potions of curing
 o - a potion of resistance
 t - a potion of brilliance
 u - 2 potions of attraction
 v - 3 potions of haste
 w - a potion of invisibility
 C - a potion of cancellation


   Skills:
 + Level 7.5 Fighting
 + Level 11.7 Maces & Flails
 - Level 1.9 Throwing
 + Level 6.2 Armour
 + Level 4.7 Dodging
 - Level 0.5 Stealth
 + Level 1.0 Evocations


You had 9 spell levels left.
You didn't know any spells.
Your spell library contained the following spells:

 Spells                   Type           Power        Failure   Level
 Corona                   Hex            0%           22%         1
 Magic Dart               Conj           0%           22%         1
 Searing Ray              Conj           0%           32%         2
 Slow                     Hex            0%           32%         2
 Dazzling Flash           Conj/Hex       0%           54%         3
 Inner Flame              Hex/Fire       0%           54%         3
 Portal Projectile        Hex/Tloc       0%           54%         3
 Cause Fear               Hex            0%           91%         4
 Fulminant Prism          Conj/Hex       0%           91%         4
 Iskenderun's Mystic Bla  Conj/Tloc      0%           91%         4
 Leda's Liquefaction      Hex/Erth       0%           91%         4


Dungeon Overview and Level Annotations

Branches:
Dungeon (10/15)            Temple (0/1) D:4            Lair (0/6) D:9
    Orc (2/2) D:10
    Elf: Orc:2

Shops:
D:4 :   D:5 =   D:9 (*[!

Annotations:
D:3 2 transporters, Raspi's ghost, weakling TeGl
D:6 exclusion: 2 downstairs


Innate Abilities, Weirdness & Mutations

You have an increased reservoir of magic. (+10% MP)
You are partially covered in thin metallic scales. (AC +2)
You are resistant to electric shocks. (rElec)
You are weak. (Str -2)


Message History

The orc warlord roars a battlecry!
The orcs go into a battle-frenzy!
The troll bites you. The troll claws you. The troll misses you.
The orc high priest mumbles some strange prayers to Beogh.
The orc knight hits you with a +1 great sword!!
The orc knight roars a battlecry!
The orcs go into a battle-frenzy!
The orc hits you but does no damage.
An ogre comes into view. It is wielding a +0 giant club.
The orc wizard misses you.
The orc warrior hits you with a +0 hand axe!
The troll bites you!
* * * LOW HITPOINT WARNING * * *
The troll closely misses you. The troll completely misses you.
The ogre shouts!
There is a stone staircase leading up, spattered with blood here.
You hear a shout!
The orc barely misses you.
The orc knight hits you with a +1 great sword!!
You die...

.........##
. .. ......
.. .......##
.P.#.#.....
..........##
...o.......#
.oP#..o...#
O.....T@o.#
P....4ooo..#
......oo..##
....o3o....#
....<......#
..o.......##
..........#
...........


You could see an orc warlord (strong), 3 orc knights, a soul eater (summoned), 2
orc high priests, a troll, a red devil (summoned), 2 orc warriors, an ogre, 2
orc wizards and 2 orcs.

Vanquished Creatures
  3 two-headed ogres
  A troll (Orc:1)
  Prince Ribbit (D:7)
  Sigmund (D:4)
  4 yaks
  2 basilisks (D:9)
  A soldier ant (D:10)
  A black bear (D:6)
  2 ice beasts
  9 orc warriors
  3 sky beasts
  3 phantoms
  3 ogres
  7 centaurs
  A big kobold (D:7)
  3 bullfrogs
  A scorpion (D:10)
  6 killer bees (D:9)
  An electric eel (D:10)
  A howler monkey (D:8)
  2 jellies (D:7)
  11 orc wizards
  3 hounds
  11 orc priests
  2 bullfrog skeletons
  2 centaur skeletons
  An iguana (D:9)
  6 worker ants
  A hound zombie (D:7)
  A hound skeleton (D:6)
  2 worker ant zombies
  A howler monkey skeleton (D:7)
  7 adders
  3 shadow imps
  2 white imps (D:9)
  4 ufetubi
  An adder zombie (D:8)
  An adder skeleton (D:5)
  5 worms
  2 dart slugs
  4 leopard geckos
  59 orcs
  5 giant cockroaches
  2 gnoll zombies (D:9)
  8 goblins
  5 hobgoblins
  6 jackals
  16 kobolds
  7 quokkas
  2 ball pythons
  14 bats
  7 frilled lizards
  A leopard gecko skeleton (D:5)
  9 rats
267 creatures vanquished.

Vanquished Creatures (others)
  9 plants
  2 toadstools (D:4)
11 creatures vanquished.

Grand Total: 278 creatures vanquished

Notes
Turn   | Place    | Note
-------+----------+-------------------------------------------
     0 | D:1      | OakTree the Demigod Gladiator began the quest for the Orb.
     0 | D:1      | Reached XP level 1. HP: 17/17 MP: 3/3
   246 | D:1      | Reached XP level 2. HP: 10/24 MP: 4/4
   598 | D:1      | Reached skill level 3 in Maces & Flails
  1147 | D:2      | Reached XP level 3. HP: 29/29 MP: 5/5
  1217 | D:2      | Found an opulent altar of Gozag.
  1321 | D:2      | Reached skill level 1 in Armour
  1956 | D:2      | Reached XP level 4. HP: 30/37 MP: 6/6
  2313 | D:3      | Found a sparkling altar of Nemelex Xobeh.
  2908 | D:3      | Reached skill level 4 in Maces & Flails
  2962 | D:3      | Found a glowing golden altar of the Shining One.
  2992 | D:3      | Found a transporter.
  2992 | D:3      | Noticed Raspi's ghost (weakling TeGl)
  2995 | D:3      | Noticed an orc warrior
  3023 | D:3      | Found a transporter.
  3305 | D:4      | Reached XP level 5. HP: 36/42 MP: 7/7
  3366 | D:4      | Noticed a phantom
  3404 | D:4      | Killed a phantom
  3599 | D:4      | Found a snail-covered altar of Cheibriados.
  3743 | D:4      | Found Ugyferphock's Book Shoppe.
  3814 | D:4      | Noticed a centaur
  3832 | D:4      | Killed a centaur
  3833 | D:4      | Reached skill level 5 in Maces & Flails
  3833 | D:4      | Reached XP level 6. HP: 16/50 MP: 8/8
  4070 | D:4      | Found a staircase to the Ecumenical Temple.
  4636 | D:4      | Noticed Sigmund
  4648 | D:4      | Killed Sigmund
  4786 | D:5      | Entered Level 5 of the Dungeon
  4960 | D:5      | Reached XP level 7. HP: 57/57 MP: 9/9
  5044 | D:5      | Reached skill level 6 in Maces & Flails
  5145 | D:5      | Found Wirax's Jewellery Shoppe.
  5509 | D:6      | Found a sacrificial altar of Ru.
  5777 | D:6      | Found a blossoming altar of Fedhas.
  5859 | D:6      | Found a radiant altar of Vehumet.
  5953 | D:6      | Reached skill level 7 in Maces & Flails
  6046 | D:6      | Reached XP level 8. HP: 60/66 MP: 10/10
  6127 | D:6      | Found an iron altar of Okawaru.
  6175 | D:5      | Bought a +4 ring of evasion for 396 gold pieces
  6525 | D:6      | Gained mutation: You tend to lose your temper in combat.
                  | [potion of mutation]
  6525 | D:6      | Gained mutation: You are partially covered in iridescent
                  | scales. (AC +2) [potion of mutation]
  6525 | D:6      | Lost mutation: You tend to lose your temper in combat.
                  | [potion of mutation]
  6657 | D:7      | Noticed Prince Ribbit
  6859 | D:7      | Reached skill level 8 in Maces & Flails
  6867 | D:7      | Killed Prince Ribbit
  7089 | D:7      | Noticed a two-headed ogre
  7114 | D:7      | HP: 2/67 [two-headed ogre/+0 giant club (11)]
  7676 | D:7      | Lost mutation: You are partially covered in iridescent
                  | scales. (AC +2) [potion of mutation]
  7676 | D:7      | Gained mutation: You are weak. (Str -2) [potion of
                  | mutation]
  7676 | D:7      | Gained mutation: You are resistant to electric shocks.
                  | (rElec) [potion of mutation]
  7676 | D:7      | Gained mutation: You are partially covered in thin metallic
                  | scales. (AC +2) [potion of mutation]
  7755 | D:7      | Killed a two-headed ogre
  7756 | D:7      | Reached skill level 5 in Fighting
  7756 | D:7      | Reached skill level 9 in Maces & Flails
  7756 | D:7      | Reached skill level 5 in Armour
  7756 | D:7      | Reached XP level 9. HP: 24/74 MP: 11/11
  8202 | D:8      | Noticed a cyclops
  8922 | D:9      | Found Upomarr's Assorted Antiques.
  9143 | D:9      | Found Racky's Distillery.
  9146 | D:9      | Found Geddiu's Armour Shop.
  9249 | D:9      | Reached skill level 10 in Maces & Flails
  9289 | D:9      | Found Lomafucw's Weapon Emporium.
  9372 | D:9      | Found a staircase to the Lair.
  9372 | D:9      | Noticed an elephant
 10285 | D:9      | Found a basalt altar of Yredelemnul.
 10759 | D:10     | Entered Level 10 of the Dungeon
 10759 | D:10     | Found the +2 robe of Vines {NoPotionHeal Regen+7}
 10852 | D:10     | Noticed a two-headed ogre
 10873 | D:9      | Killed a two-headed ogre
 10874 | D:9      | Reached XP level 10. HP: 27/84 MP: 13/13
 11453 | D:10     | Found a roughly hewn altar of Beogh.
 11524 | D:10     | Reached skill level 11 in Maces & Flails
 12326 | D:10     | Noticed a two-headed ogre
 12389 | D:10     | Killed a two-headed ogre
 12390 | D:10     | Reached skill level 1 in Evocations
 12661 | D:10     | Found a staircase to the Orcish Mines.
 12697 | Orc:1    | Entered Level 1 of the Orcish Mines
 12699 | Orc:1    | Found a bloodstained altar of Trog.
 12773 | Orc:2    | Entered Level 2 of the Orcish Mines
 12776 | Orc:2    | Noticed an orc warlord
 12777 | Orc:2    | Noticed an orc high priest
 12778 | Orc:2    | Noticed an orc knight
 12778 | Orc:2    | Noticed an orc high priest
 13249 | Orc:2    | Noticed an orc knight
 13249 | Orc:2    | Noticed an orc knight
 13250 | Orc:2    | Noticed a soul eater
 13250 | Orc:2    | Slain by an orc knight

Illustrated notes

Levels and vault maps discovered:
D:1:      wander_arrival_lonely_grave, layout_rooms
D:2:      layout_basic, nicolae_gozag_seed_capital, hangedman_decor_points
D:3:      layout_rooms, nicolae_overflow_hidden_temple,
          nicolae_tso_carved_into_rock, gammafunk_ghost_arena
D:4:      layout_basic, cheibriados_altar_1, minmay_temple_entry_gardened_gates,
          serial_forest, infiniplex_forest_clump_tiny,
          infiniplex_forest_clump_medium, infiniplex_forest_lined_1,
          infiniplex_forest_clump_medium, infiniplex_forest_clump_cross,
          serial_shops, shop, minmay_gold_behind_fungi, uniq_sigmund
D:5:      layout_loops_ring, minmay_shop_grid_forest
D:6:      layout_basic, fedhas_ov_isle_minmay, lemuel_doored_altar,
          marbit_many_paths, nicolae_ru_great_annihilating_truth
D:7:      layout_cave_pools, uniq_prince_ribbit1
D:8:      layout_gridville, nicolae_straight_to_the_point
D:9:      layout_basic, lemuel_zombie_altar_yredelemnul, david_lair_generic,
          serial_shops, kennysheep_little_box, nicolae_shop_overgrown_old_shop,
          nicolae_shop_statue_plus, nicolae_shop_crystal, chequers_garden,
          minmay_misc_feat_doors
D:10:     layout_loops_ring, erik_orc_2, special_room [special_room_orc]
Orc:1:    layout_diamond_mine, basic_altar, serial_shops, shop,
          nicolae_orc_damp_corner, mines5_lemuel
Orc:2:    grunt_orc_gardens, layout_caves, grunt_orc_garden, grunt_orc_garden,
          grunt_orc_garden, grunt_orc_garden, serial_shops, shop, shop,
          shop_fountains, nicolae_alphabet_shops

Skill      XL: |  1  2  3  4  5  6  7  8  9 10 |
---------------+-------------------------------+-----
Fighting       | 2 3 4 5 6 7 |  7.5
Maces & Flails | 3 4 5 7 9 10 11 | 11.7
Dodging        | 3 4 |  4.7
Armour         | 1 2 3 4 5 6 |  6.2
Evocations     | 1 |  1.0
Throwing       | |  1.9
Stealth        | |  0.5

Action                   |  1- 3 |  4- 6 |  7- 9 | 10-12 || total
-------------------------+-------+-------+-------+-------++-------
Melee: Flail             |   154 |   173 |   168 |       ||   495
       Dire flail        |       |       |   371 |   277 ||   648
Throw: Dart              |       |     7 |     6 |    12 ||    25
       Throwing net      |       |       |     2 |       ||     2
Evoke: Wand              |       |       |     3 |     4 ||     7
  Use: Scroll            |       |       |    22 |     1 ||    23
       Potion            |       |       |     3 |       ||     3
 Stab: Sleeping          |     3 |       |       |       ||     3
       Paralysed         |       |       |     1 |       ||     1
Armor: Leather armour    |    61 |     5 |       |       ||    66
       Plate armour      |       |   137 |   290 |     3 ||   430
       Robe              |       |       |       |    76 ||    76
Dodge: Dodged            |   134 |    80 |   296 |   264 ||   774
